 Dungeon Crawl Stone Soup version 0.20-a0-795-ga03948b (webtiles) character file.

39067 nikopol the Spear-Bearer (level 13, -8/122 HPs)
             Began as a Minotaur Berserker on Feb 28, 2017.
             Was a High Priest of Trog.
             Splashed by an oklob plant's acid (12 damage)
             ... on level 6 of the Lair of Beasts on Mar 1, 2017.
             The game lasted 00:49:03 (18737 turns).

nikopol the Spear-Bearer (Minotaur Berserker)      Turns: 18737, Time: 00:49:04

Health: -8/122     AC:  0    Str: 29    XL:     13   Next: 67%
Magic:  12/12      EV: 14    Int:  4    God:    Trog [*****.]
Gold:   1007       SH:  0    Dex: 14    Spells: 12/12 levels left

rFire    . . .     SeeInvis .   a - +3 glaive (freeze)
rCold    . . .     Gourm    .   U - +3 plate armour
rNeg     . . .     Faith    .   (shield currently unavailable)
rPois    .         Spirit   .   (helmet restricted)
rElec    .         Reflect  .   F - +0 cloak
rCorr    .         Harm     .   (no gloves)
MR       .....                  (no boots)
Stlth    ..........             (no amulet)
Regen    0.3/turn               (no ring)
MPRegen  0.2/turn               h - +6 ring of strength

@: corroded
A: retaliatory headbutt, horns 2
a: Berserk, Trog's Hand, Brothers in Arms, Burn Spellbooks, Renounce Religion


You were on level 6 of the Lair of Beasts.
You worshipped Trog.
Trog was extremely pleased with you.
You were hungry.

You visited 2 branches of the dungeon, and saw 16 of its levels.

You collected 1007 gold pieces.

Inventory:

Hand Weapons
 a - a +3 glaive of freezing (weapon)
 z - a +0 shortbow
 J - a +5 antimagic halberd
Missiles
 u - 231 arrows (quivered)
Armour
 F - a +0 cloak (worn)
 U - a +3 plate armour (worn)
Jewellery
 h - a +6 ring of strength (left hand)
Wands
 b - a wand of lightning (8/15)
 e - a wand of disintegration (7/24)
 l - a wand of paralysis (14/24)
 y - a wand of confusion (12/48)
 G - a wand of clouds (3/9)
 K - a wand of enslavement (14/24)
 R - a wand of scattershot (7/9)
 W - a wand of clouds (2/9)
Scrolls
 d - a scroll of fear {unknown}
 i - a scroll of immolation {unknown}
 k - 3 scrolls of silence {unknown}
 m - a scroll of enchant armour {unknown}
 q - 6 scrolls of identify
 t - 5 scrolls of teleportation
 w - 2 scrolls of random uselessness {unknown}
 A - 11 scrolls of remove curse
 B - 2 scrolls of blinking {unknown}
 E - 2 scrolls of fog {unknown}
 L - 2 scrolls of magic mapping {unknown}
 M - 2 scrolls of vulnerability {unknown}
 V - 3 scrolls of amnesia {unknown}
Potions
 g - 2 potions of magic
 j - 5 potions of agility
 n - a potion of degeneration {unknown}
 o - 5 potions of curing
 r - 2 potions of brilliance
 v - 2 potions of mutation {unknown}
 x - a potion of ambrosia {unknown}
 C - 5 potions of might
 D - 3 potions of flight
 H - a potion of lignification {unknown}
 N - a potion of berserk rage {unknown}
 P - a potion of haste {unknown}
Comestibles
 c - 11 bread rations
 f - 4 royal jellies
 s - 8 meat rations
 O - 19 fruits


   Skills:
 + Level 13.0 Fighting
 * Level 14.9 Polearms
 * Level 8.9 Bows
 + Level 12.9 Armour
 + Level 11.9 Dodging


You had 12 spell levels left.
You didn't know any spells.

Dungeon Overview and Level Annotations

Branches:
Dungeon (10/15)            Temple (0/1) D:6            Lair (6/6) D:8
  Swamp (0/4) Lair:4        Snake (0/4) Lair:2        Slime (0/5) Lair:5
    Orc: D:9-12

Altars:
Cheibriados
Nemelex Xobeh
Qazlal
Xom
Zin
The Shining One

Shops:
D:4 }   D:5 [   D:10 [

Annotations:
Lair:6 exclusion: 3 oklob plants


Innate Abilities, Weirdness & Mutations

You reflexively headbutt those who attack you in melee.
You have a pair of horns on your head.


Message History

Your deep troll claws the oklob plant but does no damage.
Your deep troll claws the oklob plant!
Your deep troll bites the oklob plant!!
The oklob plant is destroyed!
Trog accepts your kill.
Marking area around the oklob plant as unsafe for travelling.
An oklob plant comes into view.
Your deep troll bites the oklob plant!!
Your deep troll claws the oklob plant but does no damage. x2
The oklob plant spits acid at you. The splash of acid hits you!
The acid corrodes you!
You are splashed with acid!
The acid burns!
* * * LOW HITPOINT WARNING * * *
Found a metallic white potion.
You see here a yak corpse.
The oklob plant spits acid at you. The splash of acid hits you!
* * * LOW HITPOINT WARNING * * *
The acid corrodes you!
You are splashed with acid!
The acid burns!
You die...

.....<[/......#.#
..#.P..........####
..##.P..#.........##
..##.#...........#.#
....#..P..........## #
.................###.####
....#.......#P)..†....?P.
................#†.†.P..P
.....#.#........@##..PP..
......##........#.....$=!
.........................
.....#............##.####
.##.#...........### #
<#P.PP.........##
.P..PP.........##
.....P..........#
................#


You could see an oklob plant.

Vanquished Creatures
  5 hydras
  3 two-headed ogres (D:10)
  7 death yaks
  An unseen horror (D:10)
  Pikel (D:5)
  A centaur zombie (D:10)
  5 black mambas
  10 spiny frogs
  4 rime drakes
  5 komodo dragons
  A troll (D:9)
  2 polar bears
  A hornet (D:10)
  A tyrant leech (Lair:4)
  14 blink frogs
  2 hippogriffs
  6 dream sheep (Lair:6)
  A spriggan (D:7)
  23 yaks
  A basilisk (Lair:2)
  A wyvern (Lair:4)
  5 vampire mosquitoes (Lair:3)
  A hungry ghost (D:7)
  An insubstantial wisp (Lair:3)
  3 nagas (Lair:2)
  11 porcupines
  10 water moccasins
  A black bear (D:8)
  2 orc warriors (D:8)
  2 ice beasts
  A slave (D:5)
  A hornet zombie (D:9)
  3 phantoms
  3 sky beasts
  7 ogres
  A necrophage (D:7)
  4 wolves (Lair:5)
  A centaur (D:10)
  11 crocodiles
  3 big kobolds
  18 bullfrogs
  3 scorpions
  13 killer bees
  7 wights
  3 howler monkeys (D:8)
  5 crimson imps
  2 centaur skeletons
  9 orc priests
  The ghost of Dingo the Grasshopper, a weakling FeWr (D:3)
  3 hounds
  A bullfrog skeleton (D:6)
  A gnoll shaman (D:5)
  7 orc wizards
  2 jellies
  Natasha (twice) (D:2)
  2 iguanas
  6 worker ants
  A hound skeleton (D:6)
  7 gnolls
  A worker ant zombie (D:5)
  17 adders
  4 shadow imps
  3 adder zombies
  3 worms
  6 adder skeletons
  5 dart slugs
  4 leopard geckos
  48 orcs
  3 giant cockroaches
  10 goblins
  5 hobgoblins
  15 jackals
  A quokka (D:7)
  A ball python (D:3)
  A ball python skeleton (D:4)
  5 bats
  4 frilled lizards
  20 kobolds
  A leopard gecko zombie (D:7)
  8 rats
  12 fungi (D:8)
  6 plants
442 creatures vanquished.

Vanquished Creatures (collateral kills)
  3 hydras
  An oklob plant (Lair:6)
  2 spiny frogs (Lair:6)
  2 yaks (Lair:6)
  A water moccasin (Lair:6)
  5 jellies (Lair:5)
  An ooze (Lair:5)
15 creatures vanquished.

Vanquished Creatures (others)
  An ice beast (D:5)
  2 slaves (D:5)
  A necrophage (D:5)
  A quasit (D:5)
  A hound (D:5)
  17 fungi
  4 plants
  4 toadstools (D:1)
31 creatures vanquished.

Grand Total: 488 creatures vanquished

Notes
Turn   | Place    | Note
-------+----------+-------------------------------------------
     0 | D:1      | nikopol the Minotaur Berserker began the quest for the Orb.
     0 | D:1      | Reached XP level 1. HP: 19/19 MP: 0/0
   186 | D:1      | Reached XP level 2. HP: 27/27 MP: 1/1
   592 | D:2      | Reached skill level 4 in Polearms
   721 | D:2      | Reached XP level 3. HP: 31/33 MP: 2/2
   876 | D:2      | Found a stormy altar of Qazlal.
   884 | D:2      | Noticed Natasha
   891 | D:2      | Killed Natasha
   891 | D:2      | Reached ** piety under Trog
  1039 | D:2      | Reached XP level 4. HP: 41/41 MP: 3/3
  1109 | D:2      | Noticed Natasha
  1120 | D:2      | Killed Natasha
  1540 | D:3      | Reached XP level 5. HP: 47/47 MP: 4/4
  1682 | D:3      | Noticed Dingo's ghost (weakling FeWr)
  1689 | D:3      | Killed Dingo's ghost
  1689 | D:3      | Reached skill level 5 in Fighting
  1698 | D:3      | Reached skill level 5 in Polearms
  1704 | D:3      | Reached XP level 6. HP: 48/56 MP: 5/5
  1714 | D:3      | Reached *** piety under Trog
  2307 | D:4      | Found a glowing golden altar of the Shining One.
  2840 | D:4      | Found Qostreli's Gadget Shoppe.
  3209 | D:5      | Entered Level 5 of the Dungeon
  3256 | D:5      | Reached skill level 5 in Armour
  3256 | D:5      | Reached XP level 7. HP: 49/62 MP: 6/6
  3527 | D:5      | Noticed Pikel
  3551 | D:5      | Killed Pikel
  3551 | D:5      | Reached skill level 6 in Polearms
  3551 | D:5      | Reached skill level 5 in Dodging
  3551 | D:5      | Reached XP level 8. HP: 61/71 MP: 7/7
  4005 | D:5      | Found Wulutedo's Antique Armour Shop.
  4266 | D:6      | Reached skill level 7 in Polearms
  4545 | D:6      | Reached **** piety under Trog
  4728 | D:6      | Found a staircase to the Ecumenical Temple.
  4885 | D:6      | Found a glowing silver altar of Zin.
  5021 | D:6      | Reached XP level 9. HP: 66/81 MP: 8/8
  5443 | D:7      | Reached skill level 8 in Polearms
  6044 | D:7      | Found a snail-covered altar of Cheibriados.
  6194 | D:8      | Received a gift from Trog
  6395 | D:8      | Reached ***** piety under Trog
  6429 | D:8      | Reached skill level 9 in Polearms
  6537 | D:8      | Reached XP level 10. HP: 46/92 MP: 9/9
  6972 | D:8      | Found a staircase to the Lair.
  7731 | D:8      | Reached skill level 10 in Fighting
  8228 | D:8      | Found a sparkling altar of Nemelex Xobeh.
  8269 | D:8      | Upgraded the game from 0.20-a0-792-g09bcfd3 to 0.20-a0-795-ga03948b
  8612 | D:9      | Received a gift from Trog
  9333 | Lair:1   | Entered Level 1 of the Lair of Beasts
  9339 | Lair:1   | Reached skill level 10 in Polearms
  9536 | Lair:1   | Noticed a spiny frog
  9544 | Lair:1   | Killed a spiny frog
  9544 | Lair:1   | Reached skill level 10 in Armour
  9662 | Lair:1   | Noticed a spiny frog
  9673 | Lair:1   | Killed a spiny frog
 10704 | D:10     | Entered Level 10 of the Dungeon
 10709 | D:10     | Noticed a two-headed ogre
 10714 | D:10     | Killed a two-headed ogre
 10714 | D:10     | Reached skill level 11 in Polearms
 10714 | D:10     | Reached XP level 11. HP: 101/101 MP: 10/10
 10886 | D:10     | Noticed a two-headed ogre
 10893 | D:10     | Killed a two-headed ogre
 11061 | D:10     | Found Misch's Armour Shoppe.
 11308 | D:10     | Killed an unseen horror
 11517 | D:10     | Reached skill level 10 in Dodging
 11707 | D:10     | Reached skill level 12 in Polearms
 12058 | D:10     | Noticed a two-headed ogre
 12063 | D:10     | Killed a two-headed ogre
 12234 | Lair:2   | Reached skill level 1 in Bows
 12279 | Lair:2   | Found a staircase to the Snake Pit.
 12629 | Lair:2   | Received a gift from Trog
 12631 | Lair:2   | Reached XP level 12. HP: 89/111 MP: 11/11
 13385 | Lair:3   | Reached ****** piety under Trog
 13622 | Lair:3   | Reached skill level 13 in Polearms
 13817 | Lair:3   | Noticed a four-headed hydra
 13842 | Lair:2   | Killed a seven-headed hydra
 14077 | Lair:3   | Noticed an eight-headed hydra
 14086 | Lair:3   | Killed a nine-headed hydra
 14086 | Lair:3   | Reached skill level 5 in Bows
 15150 | Lair:4   | Noticed a death yak
 15151 | Lair:4   | Noticed a death yak
 15151 | Lair:4   | Noticed a death yak
 15152 | Lair:4   | Noticed a death yak
 15177 | Lair:4   | Killed a death yak
 15184 | Lair:4   | Killed a death yak
 15186 | Lair:4   | Killed a death yak
 15186 | Lair:4   | Reached skill level 14 in Polearms
 15192 | Lair:4   | Killed a death yak
 15718 | Lair:4   | Found a staircase to the Swamp.
 15725 | Lair:4   | Reached XP level 13. HP: 113/119 MP: 12/12
 15830 | Lair:4   | Received a gift from Trog
 16815 | Lair:5   | Found a staircase to the Slime Pits.
 16965 | Lair:5   | Received a gift from Trog
 17703 | Lair:6   | Entered Level 6 of the Lair of Beasts
 17703 | Lair:6   | Found a shimmering altar of Xom.
 18723 | Lair:6   | Received a gift from Trog
 18737 | Lair:6   | HP: 4/122 [oklob plant/splash of acid (19)]
 18737 | Lair:6   | Splashed by an oklob plant's acid

Vault maps used:
D:1:      ldierk_water_garden, nrook_uturn
D:2:      nicolae_overflow_crystal_walls, minmay_goblin_outpost, uniq_natasha
D:3:      first_bread
D:4:      kennysheep_little_box, serial_shops, nicolae_shop_waterfront
D:5:      serial_shops, nicolae_shop_window_shopping, minmay_misc_feat_pillars,
          kennysheep_generic_room_15, uniq_pikel
D:6:      zin_statuary, temple_doors_e, minmay_unpleasant_kobolds
D:7:      slow_altar_2, serial_curves, eino_curves_03, eino_curves_02,
          the_bakery
D:8:      due_lair_maze_entry_diamond, nemelex_spade_bored_becter
D:10:     serial_shops, nicolae_shop_competitors_out_of_business,
          kennysheep_nondescript
Lair:2:   minmay_lair_venomous_thicket, guppyfry_snake_entry_island
Lair:3:   pond, grunt_megastairs_4, lemuel_fruit_tree
Lair:4:   minmay_swamp_entry_worms, beast_lair_carwin_2, grunt_megastairs_3
Lair:5:   nicolae_slime_entry_slimehenge
Lair:6:   evilmike_catoblepas_cave, basic_altar, minmay_lair_oklob_chamber,
          lemuel_fruit_fields

Skill      XL: |  1  2  3  4  5  6  7  8  9 10 11 12 13 |
---------------+----------------------------------------+-----
Fighting       | 4 5 6 8 9 10 11 12 13 | 13.0
Polearms       | 4 5 6 7 9 11 12 14 | 14.9
Armour         | 3 4 5 6 7 8 10 11 12 | 12.9
Dodging        | 3 4 5 6 8 9 10 11 | 11.9
Bows           | 2 7 8 |  8.9

Action                   |  1- 3 |  4- 6 |  7- 9 | 10-12 | 13-15 || total
-------------------------+-------+-------+-------+-------+-------++-------
Melee: Spear             |    73 |   172 |   241 |       |       ||   486
       Headbutt          |     8 |    28 |    78 |   149 |    29 ||   292
       Trident           |       |       |   162 |   234 |       ||   396
       Glaive            |       |       |       |   315 |   109 ||   424
       Halberd           |       |       |       |    62 |       ||    62
 Fire: Shortbow          |       |       |       |   131 |    81 ||   212
Invok: Berserk           |       |     1 |     5 |     5 |     3 ||    14
       Burn Spellbooks   |       |       |     2 |     4 |     2 ||     8
       Brothers in Arms  |       |       |       |       |     3 ||     3
       Trog's Hand       |       |       |       |       |     1 ||     1
  Use: Scroll            |       |       |       |     9 |     1 ||    10
       Potion            |       |       |       |     1 |       ||     1
  Eat: Chunk             |       |     8 |    16 |    32 |    11 ||    67
       Fruit             |       |       |     1 |     2 |     2 ||     5
Armor: Ring mail         |     2 |       |       |   106 |    32 ||   140
       Scale mail        |     9 |    38 |    91 |    51 |       ||   189
       Plate armour      |       |       |       |       |     1 ||     1
Dodge: Dodged            |    23 |    63 |   162 |   401 |   131 ||   780
